AoeStats
← YO HOKAGE

Arabia

510211928Analyzed
1v1 RM · 2d ago on Sep 30, 2026· 30m 7s· 2 players
Game mode
Random Map
Map size
Tiny (2 player)
Population
200
Speed
Normal
Resources
Standard
Victory
Conquest
Starting age
Dark Age
Ending age
Imperial Age
RankedLock teamsTeams togetherTeam positionsShared explorationLock speedFull tech treeHidden civsTurbo modeCheats
Victory
Defeat
🇧🇷 Portuguese · Brazil
1203
+16
🇵🇪 Italians · Peru
1197
-16
YO HOKAGE
7:04 Loom
9:22 Feudal Age
10:29 Double-Bit Axe
22:30 Castle Age
22:20 Fletching
22:24 Horse Collar
22:39 Elite Skirmisher
23:39 Bodkin Arrow
24:43 Padded Archer Armor
25:25 Bow Saw
29:28 Heavy Plow
tyyr ironside
6:15 Loom
8:58 Feudal Age
9:58 Double-Bit Axe
13:54 Fletching
16:20 Padded Archer Armor
16:02 Horse Collar
23:55 Castle Age
21:59 Gold Mining
23:08 Bloodlines
23:06 Scale Barding Armor
24:04 Forging
25:44 Wheelbarrow
25:24 Husbandry
26:23 Chain Barding Armor
28:50 Bodkin Arrow
29:10 Leather Archer Armor
28:39 Crossbowman
Connection lost

Rejoining the realm…

Still unreachable

The connection could not be restored.

Session expired

The server has moved on; the page needs a fresh start.